[Event "Titled Tuesday Blitz May 24 Early 2022"]
[White "Ezat, Mohamed"]
[Black "Goltsev, Dmitry"]
[WhiteFideId "10600906"]
[BlackFideId "24176710"]
[WhiteElo "2386"]
[BlackElo "2258"]
[Result "1-0"]
[Round "06"]
[TimeControl "180+1"]
[Date "2022.05.25"]
[WhiteClock "0:00:19"]
[BlackClock "0:00:04"]

1. d4 Nf6 2. c4 e6 3. Nc3 Bb4 4. e3 Qe7 5. a3 Bxc3+ 6. bxc3 b6 7. Bd3 Bb7 8. f3 d6 9. Ne2 Nbd7 10. O-O e5 11. e4 O-O 12. Ng3 Rfe8 13. Ra2 Qf8 14. Raf2 g6 15. Bg5 h6 16. Be3 Qg7 17. h3 c5 18. Qd2 Kh7 19. f4 exd4 20. cxd4 Nxe4 21. Bxe4 Bxe4 22. f5 gxf5 23. Nxf5 Bxf5 24. Rxf5 Re7 25. Rh5 Re6 26. Bxh6 Rxh6 27. Rxh6+ Qxh6 28. Rxf7+ Kg6 29. Qf2 Qc1+ 30. Kh2 Qg5 31. Rxd7 Kh6 32. Qf7 Rh8 33. Rxd6+ Qf6 34. Qxf6+ Kh5 35. Qg6+ Kh4 36. g3# 1-0


[Site "https://www.chess.com"]

[Event "Titled Tuesday Blitz May 24 Early 2022"]
[White "Fernandez Barrera, Victor"]
[Black "Sovetbekova, Nurai"]
[WhiteFideId "2261529"]
[BlackFideId "13801910"]
[WhiteElo "2189"]
[BlackElo "1660"]
[Result "1/2-1/2"]
[Round "06"]
[TimeControl "180+1"]
[Date "2022.05.25"]
[WhiteClock "0:00:49"]
[BlackClock "0:00:12"]

1. Nf3 Nf6 2. c4 g6 3. d4 Bg7 4. e3 O-O 5. Nc3 d5 6. Qc2 c5 7. cxd5 cxd4 8. Nxd4 Nxd5 9. Bc4 Nxc3 10. bxc3 Nd7 11. O-O Nc5 12. a4 Bf5 13. Qe2 Qc8 14. Ba3 Ne4 15. Bxe7 Re8 16. Nxf5 Qxf5 17. Bb4 a5 18. Ba3 Nxc3 19. Qf3 Qxf3 20. gxf3 Nxa4 21. Rab1 Rac8 22. Bb5 Nc3 23. Bxe8 Nxb1 24. Bxf7+ Kxf7 25. Rxb1 Rc7 26. Rb5 Bc3 27. Bc5 a4 28. Bb6 a3 29. Rb3 a2 30. Ra3 Rc6 31. Rxa2 Rxb6 32. Rc2 Be5 33. f4 Bd6 34. Rc8 Rc6 35. Rh8 Kg7 36. Rd8 b5 37. Rd7+ Kh6 38. Rb7 b4 39. Kg2 Rc7 40. Rb6 Rd7 41. Kf3 Kg7 42. Kg4 Kf6 43. e4 h5+ 44. Kf3 Kg7 45. h4 Be7 46. f5 gxf5 47. exf5 Bxh4 48. Rxb4 Bf6 49. Rb6 Re7 50. Kf4 Rf7 51. f3 Kh6 52. Rc6 h4 53. Kg4 Kh7 54. f4 Rg7+ 55. Kh3 Rg3+ 56. Kh2 Kg7 57. Rc7+ Kg8 58. Rc6 Kf7 59. Rc7+ Kg8 60. Rc6 Kg7 61. Rc7+ Kh6 62. Rc6 Kg7 1/2-1/2


[Site "https://www.chess.com"]

[Event "Titled Tuesday Blitz May 24 Early 2022"]
[White "Fernandez Hernandez, Gerardo"]
[Black "Pacheco Lugo, Alejandro Jose"]
[WhiteFideId "2207400"]
[BlackFideId "3903745"]
[WhiteElo "2216"]
[BlackElo "2146"]
[Result "0-1"]
[Round "06"]
[TimeControl "180+1"]
[Date "2022.05.25"]
[WhiteClock "0:00:03"]
[BlackClock "0:01:49"]

1. e4 c5 2. d3 d5 3. Nd2 Nf6 4. Ngf3 e6 5. g3 Be7 6. Bg2 O-O 7. e5 Nfd7 8. O-O Nc6 9. Re1 Qc7 10. Qe2 b5 11. h4 Bb7 12. Nf1 Rfc8 13. Bf4 b4 14. Ne3 Qd8 15. Ng4 a5 16. h5 h6 17. Qd2 Bf8 18. Nxh6+ gxh6 19. Bxh6 Bxh6 20. Qxh6 Qf8 21. Qf4 Qg7 22. h6 Qg6 23. Nh4 Qh7 24. g4 Nd4 25. Rac1 Nf8 26. c3 Nc6 27. Qf6 Ng6 28. Nxg6 Qxg6 29. Qf4 Ba6 30. Rcd1 bxc3 31. bxc3 Rab8 32. Re3 Rb2 33. Rh3 Kh7 34. c4 Nd4 35. cxd5 Ne2+ 36. Kh2 Nxf4 37. Be4 Rxf2+ 38. Kg3 Nxh3 39. Bxg6+ Kxg6 40. Kxh3 Rf3+ 0-1


[Site "https://www.chess.com"]

[Event "Titled Tuesday Blitz May 24 Early 2022"]
[White "Ferreira, Vitor Hugo Vieira"]
[Black "Sarkar, Justin"]
[WhiteFideId "2119765"]
[BlackFideId "2010011"]
[WhiteElo "2165"]
[BlackElo "2020"]
[Result "0-1"]
[Round "06"]
[TimeControl "180+1"]
[Date "2022.05.25"]
[WhiteClock "0:00:28"]
[BlackClock "0:00:04"]

1. e4 e5 2. Nf3 Nc6 3. Bb5 a6 4. Ba4 Nf6 5. O-O Be7 6. Re1 b5 7. Bb3 d6 8. c3 O-O 9. d4 Bg4 10. d5 Na5 11. Bc2 Qc8 12. Nbd2 c6 13. dxc6 Qxc6 14. Nf1 Nc4 15. Ne3 Nxe3 16. Bxe3 Rfe8 17. h3 Bh5 18. g4 Bg6 19. Bg5 Nxe4 20. Bxe7 Rxe7 21. Bxe4 Bxe4 22. Nd2 Bd5 23. Nf1 Be6 24. Ne3 d5 25. Qf3 f6 26. a4 Rd8 27. axb5 axb5 28. Red1 Red7 29. Ra5 Qb6 30. Rda1 Bf7 31. Ra6 Qc5 32. Nf5 d4 33. cxd4 exd4 34. Ra8 Bd5 35. Rxd8+ Rxd8 36. Qf4 d3 37. b4 Qf8 38. Ra7 Bf7 39. Qd2 Kh8 40. Ra3 Bc4 41. Ra7 Qe8 42. Nxg7 Qe2 43. Qh6 d2 44. Nf5 d1=Q+ 45. Kg2 Qf3+ 46. Kh2 Qdh1# 0-1


[Site "https://www.chess.com"]

[Event "Titled Tuesday Blitz May 24 Early 2022"]
[White "Fier, Alexandr"]
[Black "Wadsworth, Matthew J"]
[WhiteFideId "2107139"]
[BlackFideId "415804"]
[WhiteElo "2571"]
[BlackElo "2294"]
[Result "1-0"]
[Round "06"]
[TimeControl "180+1"]
[Date "2022.05.25"]
[WhiteClock "0:01:56"]
[BlackClock "0:01:02"]

1. d4 Nf6 2. Bg5 c5 3. d5 g6 4. Nc3 d6 5. e4 Bg7 6. Nf3 O-O 7. Qd2 a6 8. Bh6 b5 9. Bxg7 Kxg7 10. Bd3 c4 11. Be2 Bg4 12. Nd4 Bxe2 13. Qxe2 Qb6 14. Rd1 Nbd7 15. a3 b4 16. axb4 Qxb4 17. O-O Qxb2 18. Qe3 Qb4 19. f4 Qc5 20. Kh1 Ng4 21. Qg3 h5 22. h3 Nh6 23. e5 dxe5 24. fxe5 Qc7 25. d6 Qc5 26. e6 Qe5 27. Qxe5+ Nxe5 28. dxe7 Rfe8 29. Nd5 Ng8 30. exf7 Nxf7 31. Ne6+ 1-0


[Site "https://www.chess.com"]

[Event "Titled Tuesday Blitz May 24 Early 2022"]
[White "Gaehwiler, Gabriel"]
[Black "Vovk, Orest"]
[WhiteFideId "1314530"]
[BlackFideId "14113490"]
[WhiteElo "2383"]
[BlackElo "2203"]
[Result "1-0"]
[Round "06"]
[TimeControl "180+1"]
[Date "2022.05.25"]
[WhiteClock "0:00:52"]
[BlackClock "0:00:24"]

1. Nf3 h6 2. c4 g5 3. d4 Bg7 4. Nc3 c5 5. d5 Bxc3+ 6. bxc3 d6 7. Nd2 Qa5 8. Rb1 Nf6 9. e4 Nbd7 10. Be2 Qxa2 11. Rb2 Qa5 12. O-O Ne5 13. Qc2 Bd7 14. Rxb7 Qa4 15. Qb1 O-O 16. f4 gxf4 17. Rxf4 Kg7 18. Nf1 Nxc4 19. e5 Nxd5 20. Rxc4 Qc6 21. Rh4 Rh8 22. Bf3 Bc8 23. Rxe7 c4 24. exd6 Qc5+ 25. Be3 Qxd6 26. Bd4+ Kf8 27. Re1 Rg8 28. Qb5 Be6 29. Bc5 1-0


[Site "https://www.chess.com"]

[Event "Titled Tuesday Blitz May 24 Early 2022"]
[White "Galiana Fernandez, Adrian"]
[Black "Eynullayev, Atilla"]
[WhiteFideId "32010150"]
[BlackFideId "13413570"]
[WhiteElo "2133"]
[BlackElo "1936"]
[Result "0-1"]
[Round "06"]
[TimeControl "180+1"]
[Date "2022.05.25"]
[WhiteClock "0:00:01"]
[BlackClock "0:00:46"]

1. Nf3 Nf6 2. g3 g6 3. Bg2 Bg7 4. O-O O-O 5. c3 d5 6. d4 Bf5 7. Bf4 Ne4 8. Nbd2 Nd7 9. Nxe4 Bxe4 10. Qd2 c6 11. Bh6 Qb6 12. Bxg7 Kxg7 13. Rfd1 Qc7 14. Rac1 a5 15. Qe3 Nf6 16. Ne5 Bxg2 17. Kxg2 b5 18. b3 Qb6 19. c4 bxc4 20. bxc4 Rfc8 21. Rb1 Qa6 22. c5 Rab8 23. Qf3 Rb4 24. a3 Rb5 25. g4 Rf8 26. Qd3 Qb7 27. Rxb5 cxb5 28. Rb1 b4 29. axb4 axb4 30. c6 Qb6 31. Qd2 Rb8 32. e3 Ne4 33. Qd3 Qc7 34. Rb3 f6 35. Nd7 Ra8 36. Rxb4 Qxc6 37. Nc5 Nxc5 38. dxc5 Qxc5 39. Rb7 Ra4 40. Kg3 Qd6+ 41. Kg2 Rxg4+ 42. Kf1 Re4 43. Ke2 Re5 44. Rb5 d4 45. Qxd4 Rxb5 0-1


[Site "https://www.chess.com"]

[Event "Titled Tuesday Blitz May 24 Early 2022"]
[White "Garriga Cazorla, Pere"]
[Black "Barp, Alberto"]
[WhiteFideId "32011601"]
[BlackFideId "872555"]
[WhiteElo "2433"]
[BlackElo "2229"]
[Result "1-0"]
[Round "06"]
[TimeControl "180+1"]
[Date "2022.05.24"]
[WhiteClock "0:00:11"]
[BlackClock "0:00:06"]

1. d4 Nf6 2. c4 b6 3. f3 Nc6 4. d5 Ne5 5. e4 e6 6. Nc3 Bc5 7. Be2 c6 8. f4 Ng6 9. e5 Ng8 10. Nf3 f5 11. d6 Nh6 12. Na4 Bb4+ 13. Kf1 b5 14. a3 Ba5 15. cxb5 cxb5 16. Bxb5 Rb8 17. Bd3 Bb6 18. h3 O-O 19. b4 Bb7 20. Nxb6 axb6 21. Be3 Nh4 22. Nxh4 Qxh4 23. Qe1 Qh5 24. Qg3 Kh8 25. Be2 Qe8 26. Kf2 Bd5 27. Rhc1 Nf7 28. Rc7 Qd8 29. h4 Nh6 30. Qg5 Qe8 31. Bh5 Ng4+ 32. Ke2 g6 33. Bxg4 fxg4 34. g3 Bf3+ 35. Kd2 Rf7 36. a4 Rc8 37. h5 gxh5 38. Qxh5 Kg8 39. Rac1 Ra8 40. Bxb6 Bc6 41. a5 Be4 42. b5 Bd5 43. R1c5 Be4 44. a6 Kh8 45. a7 Qg8 46. Qg5 Qf8 47. Ba5 Rf5 48. Qe7 Qh6 49. Rc8+ Rf8 50. Rxf8+ Rxf8 51. Kc3 Rg8 52. Rc7 Qh3 53. Qf6+ Rg7 54. Rc8# 1-0


[Site "https://www.chess.com"]

[Event "Titled Tuesday Blitz May 24 Early 2022"]
[White "Gatterer, Florian"]
[Black "Sailer, Mike"]
[WhiteFideId "811688"]
[BlackFideId "2012901"]
[WhiteElo "2218"]
[BlackElo "2109"]
[Result "1-0"]
[Round "06"]
[TimeControl "180+1"]
[Date "2022.05.25"]
[WhiteClock "0:00:30"]
[BlackClock "0:00:02"]

1. f4 d5 2. Nf3 g6 3. g3 Bg7 4. Bg2 b6 5. O-O Bb7 6. d3 Nd7 7. a4 a6 8. e4 e6 9. Qe2 Ne7 10. c3 O-O 11. Kh1 Nc5 12. e5 Nb3 13. Ra3 Nxc1 14. Rxc1 c5 15. d4 a5 16. Ra1 Ba6 17. Qf2 Rc8 18. Nbd2 cxd4 19. Nxd4 Nf5 20. Nxf5 gxf5 21. Nf3 f6 22. Re1 fxe5 23. Nxe5 Qe8 24. Qxb6 Ra8 25. Qe3 Rb8 26. Ra2 Qc8 27. h4 Bxe5 28. Qxe5 Rb6 29. Raa1 Bd3 30. Bxd5 Be4+ 31. Bxe4 fxe4 32. Re2 Rd8 33. Rae1 Rd3 34. Kh2 Qe8 35. Qxe4 Rbd6 36. Re3 Rd2+ 37. R1e2 Rd1 38. f5 Qh5 39. fxe6 R6d2 40. e7 Rxe2+ 41. Rxe2 Qe8 42. Qe6+ Kh8 43. Rf2 1-0


[Site "https://www.chess.com"]

[Event "Titled Tuesday Blitz May 24 Early 2022"]
[White "Grischuk, Alexander"]
[Black "Durarbayli, Vasif"]
[WhiteFideId "4126025"]
[BlackFideId "13402935"]
[WhiteElo "2762"]
[BlackElo "2528"]
[Result "1-0"]
[Round "06"]
[TimeControl "180+1"]
[Date "2022.05.24"]
[WhiteClock "0:00:05"]
[BlackClock "0:00:01"]

1. d4 Nf6 2. Nf3 e6 3. Bf4 d5 4. e3 Bd6 5. Nbd2 c5 6. dxc5 Bxc5 7. c4 Nc6 8. a3 dxc4 9. Bxc4 Qe7 10. O-O e5 11. Bg5 Bf5 12. b4 Bb6 13. Nh4 Be6 14. Qf3 O-O-O 15. Bxe6+ Qxe6 16. Bxf6 Rxd2 17. Bxg7 Rg8 18. Nf5 e4 19. Qf4 Bc7 20. Qg5 Rd5 21. g4 Be5 22. Rad1 Bxg7 23. Rxd5 Qxd5 24. b5 h6 25. Qh5 Bf8 26. bxc6 Rg5 27. cxb7+ Kxb7 28. Rb1+ Ka8 29. Qh4 Qxf5 30. h3 Bd6 31. Kf1 Qd5 32. Qxh6 Rg8 33. Qh7 f5 34. Ke1 fxg4 35. Rd1 1-0


[Site "https://www.chess.com"]

[Event "Titled Tuesday Blitz May 24 Early 2022"]
[White "Gulevich, Artem"]
[Black "Volkov, Maksim"]
[WhiteFideId "24119580"]
[BlackFideId "54123070"]
[WhiteElo "2218"]
[BlackElo "2155"]
[Result "1-0"]
[Round "06"]
[TimeControl "180+1"]
[Date "2022.05.25"]
[WhiteClock "0:00:25"]
[BlackClock "0:00:06"]

1. Nf3 d5 2. b3 Nf6 3. Bb2 c5 4. e3 Nc6 5. Be2 g6 6. O-O Bg7 7. d4 cxd4 8. Nxd4 O-O 9. Nd2 Re8 10. c4 Nxd4 11. Bxd4 e5 12. Bb2 Bd7 13. cxd5 Nxd5 14. Nc4 Bc6 15. Rc1 Qg5 16. g3 Rad8 17. h4 Qe7 18. Qc2 Nb4 19. Qb1 Qe6 20. Na5 Rd2 21. Nxc6 Nxc6 22. Rfe1 Red8 23. Bc3 R2d7 24. Qb2 h6 25. Red1 g5 26. hxg5 hxg5 27. Rxd7 Rxd7 28. Rd1 Bf6 29. Qc2 Kg7 30. Bc4 Qe7 31. a4 Rc7 32. Qb2 Rc8 33. Qc2 a6 34. Qf5 Rh8 35. Bd5 Rd8 36. Bf3 Rxd1+ 37. Bxd1 Qd6 38. Bf3 Qa3 39. Bxc6 Qxb3 40. Bxe5 Bxe5 41. Qxe5+ f6 42. Qc7+ 1-0


[Site "https://www.chess.com"]

[Event "Titled Tuesday Blitz May 24 Early 2022"]
[White "Guliev, Logman"]
[Black "Karolczuk, Iwo"]
[WhiteFideId "13400061"]
[BlackFideId "21816972"]
[WhiteElo "2128"]
[BlackElo "2258"]
[Result "0-1"]
[Round "06"]
[TimeControl "180+1"]
[Date "2022.05.25"]
[WhiteClock "0:00:11"]
[BlackClock "0:00:14"]

1. e4 c5 2. Nf3 d6 3. d4 cxd4 4. Nxd4 Nf6 5. Nc3 a6 6. f4 e5 7. Nf3 Nc6 8. Bc4 Be7 9. O-O O-O 10. Kh1 b5 11. Bb3 Bg4 12. h3 Bxf3 13. Qxf3 Nd4 14. Qf2 b4 15. Nd5 Nxe4 16. Qe1 Nf5 17. Rf3 Neg3+ 18. Rxg3 Bh4 19. Rxg7+ Kxg7 20. Qd1 Nd4 21. fxe5 Nxb3 22. axb3 dxe5 23. Qh5 Kh8 24. Bh6 Rg8 25. Qxe5+ f6 26. Qd4 Bg5 27. Bxg5 Rxg5 28. Qxf6+ Qxf6 29. Nxf6 Rc5 30. Rd1 Kg7 31. Ng4 Rxc2 32. Rd7+ Kg6 33. Rd6+ Kf7 34. Rb6 a5 35. Rb7+ Ke6 36. Rxh7 Rxb2 37. Rh6+ Kd5 38. Rh5+ Ke4 39. Kh2 Rxb3 40. Re5+ Kd4 41. h4 Rh8 42. h5 a4 43. h6 Rxh6+ 0-1


[Site "https://www.chess.com"]

[Event "Titled Tuesday Blitz May 24 Early 2022"]
[White "Gurevich, Dmitry"]
[Black "Ramirez Vido, Robert Yorisan"]
[WhiteFideId "2000407"]
[BlackFideId "3513823"]
[WhiteElo "2506"]
[BlackElo "2356"]
[Result "1-0"]
[Round "06"]
[TimeControl "180+1"]
[Date "2022.05.25"]
[WhiteClock "0:00:40"]
[BlackClock "0:00:26"]

1. d4 g6 2. e4 d6 3. c4 Nf6 4. Nc3 Bg7 5. Nf3 O-O 6. Be2 Na6 7. O-O e5 8. Re1 Bg4 9. Be3 Bxf3 10. Bxf3 exd4 11. Bxd4 Nb4 12. Be2 Nc6 13. Be3 Nd7 14. Rc1 Nc5 15. f3 Ne6 16. Bf1 Ncd4 17. b4 c5 18. a3 a5 19. b5 b6 20. a4 Qh4 21. g3 Qh5 22. Bg2 f5 23. f4 Qxd1 24. Rexd1 Rab8 25. Kh1 Nb3 26. Rc2 Bxc3 27. Rxc3 Nbd4 28. exf5 Nxf5 29. Bd5 Rfe8 30. g4 Ng7 31. Bf2 Kf8 32. Rf3 Nc7 33. Bc6 Re6 34. f5 gxf5 35. gxf5 Rf6 36. Bh4 Rxf5 37. Rxf5+ Nxf5 38. Rf1 Kg7 39. Rxf5 Rf8 40. Rxf8 Kxf8 41. Bd8 1-0


[Site "https://www.chess.com"]

[Event "Titled Tuesday Blitz May 24 Early 2022"]
[White "Haas, Michael"]
[Black "D`Arruda, Ricardo D."]
[WhiteFideId "1629514"]
[BlackFideId "100692"]
[WhiteElo "1982"]
[BlackElo "2495"]
[Result "0-1"]
[Round "06"]
[TimeControl "180+1"]
[Date "2022.05.25"]
[WhiteClock "0:00:03"]
[BlackClock "0:01:13"]

1. d4 Nf6 2. c4 e5 3. dxe5 Ne4 4. a3 Nc6 5. Qc2 d5 6. cxd5 Qxd5 7. Nf3 Bf5 8. Nc3 Nxc3 9. Qxc3 O-O-O 10. Bf4 h6 11. e3 g5 12. Bc4 Qa5 13. Qxa5 Nxa5 14. Bxf7 gxf4 15. exf4 Nc6 16. O-O Nd4 17. Nh4 Bd3 18. Rfd1 Ne2+ 19. Kh1 Nxf4 20. Rac1 Be7 21. Nf3 Be2 0-1


[Site "https://www.chess.com"]

[Event "Titled Tuesday Blitz May 24 Early 2022"]
[White "Hirneise, Jens"]
[Black "Sanchez, Robert"]
[WhiteFideId "24614734"]
[BlackFideId "2034360"]
[WhiteElo "2359"]
[BlackElo "2268"]
[Result "1-0"]
[Round "06"]
[TimeControl "180+1"]
[Date "2022.05.25"]
[WhiteClock "0:02:12"]
[BlackClock "0:02:34"]

1. c4 c6 2. e4 d6 3. d4 g6 4. Nc3 Bg7 5. Nge2 Nf6 6. f3 O-O 7. Be3 a6 8. Qd2 b5 9. b3 b4 10. Na4 a5 11. h4 h5 12. O-O-O Kh7 13. g4 hxg4 14. h5 gxh5 15. Ng3 Kg6 16. e5 1-0


[Site "https://www.chess.com"]

[Event "Titled Tuesday Blitz May 24 Early 2022"]
[White "Hoffmann, Asa"]
[Black "Juhasz, Agoston"]
[WhiteFideId "2001470"]
[BlackFideId "778346"]
[WhiteElo "2117"]
[BlackElo "2211"]
[Result "1-0"]
[Round "06"]
[TimeControl "180+1"]
[Date "2022.05.25"]
[WhiteClock "0:00:17"]
[BlackClock "0:00:09"]

1. d4 Nf6 2. Bg5 e6 3. Nd2 d5 4. e3 h6 5. Bh4 c5 6. c3 Nc6 7. f4 g5 8. fxg5 Nh7 9. Ngf3 hxg5 10. Bg3 Bd6 11. Ne5 Nxe5 12. dxe5 Be7 13. Qh5 c4 14. Be2 Bd7 15. O-O O-O 16. Qh6 Kh8 17. Bh5 Bc5 18. Rae1 Qe7 19. Nf3 Rg8 20. Nd4 Rg7 21. Rf2 Rag8 22. Ref1 Be8 23. Rf6 Qd7 24. R1f2 Bf8 25. h4 Rg6 26. Bxg6 Bxh6 27. Bxf7 Rf8 28. Bxe6 Qe7 29. Rxh6 Rxf2 30. Bxf2 Kg7 31. hxg5 Qxg5 32. Rh3 Bg6 33. Rg3 Qxe5 34. Bf5 Nf8 35. Bxg6 Nxg6 36. Nf3 Qe4 37. Kh2 Kf7 38. Ng5+ Kf6 39. Nxe4+ dxe4 40. Rxg6+ Kxg6 41. g4 b5 42. Kg3 a5 43. a3 a4 44. Kf4 1-0


[Site "https://www.chess.com"]

[Event "Titled Tuesday Blitz May 24 Early 2022"]
[White "Horak, Martin"]
[Black "Stanisz, Patryk"]
[WhiteFideId "367095"]
[BlackFideId "1123106"]
[WhiteElo "1997"]
[BlackElo "1833"]
[Result "1-0"]
[Round "06"]
[TimeControl "180+1"]
[Date "2022.05.25"]
[WhiteClock "0:01:16"]
[BlackClock "0:00:02"]

1. Nf3 d5 2. e3 c6 3. c4 Nf6 4. Nc3 Bf5 5. cxd5 Nxd5 6. d4 Nxc3 7. bxc3 g6 8. Ne5 Be6 9. e4 Bg7 10. f4 O-O 11. Be2 f6 12. Nf3 Bg4 13. O-O Qb6 14. Be3 e5 15. Rb1 Qc7 16. Qb3+ Kh8 17. Qxb7 Qxb7 18. Rxb7 Nd7 19. h3 Bxf3 20. Rxf3 Nb6 21. fxe5 fxe5 22. Rxf8+ Bxf8 23. dxe5 Bg7 24. Bd4 c5 25. Bxc5 Bxe5 26. Bd4 Bxd4+ 27. cxd4 Rc8 28. Rxa7 Rc1+ 29. Kf2 Rc2 30. d5 Nc4 31. Rc7 Na3 32. Rxc2 Nxc2 33. e5 Kg7 34. Bc4 Nd4 35. Ke3 Nf5+ 36. Kd3 Kf8 37. d6 Ke8 38. Bb5+ Kd8 39. Ke4 h5 40. g4 hxg4 41. hxg4 1-0


[Site "https://www.chess.com"]

[Event "Titled Tuesday Blitz May 24 Early 2022"]
[White "Hua, Lefong"]
[Black "Srihari L R"]
[WhiteFideId "2602253"]
[BlackFideId "46617116"]
[WhiteElo "2637"]
[BlackElo "2121"]
[Result "0-1"]
[Round "06"]
[TimeControl "180+1"]
[Date "2022.05.24"]
[WhiteClock "0:01:17"]
[BlackClock "0:01:12"]

1. d4 Nf6 2. c4 g6 3. Nc3 Bg7 4. e4 d6 5. f4 O-O 6. Nf3 c5 7. d5 e6 8. Be2 exd5 9. cxd5 Bg4 10. O-O Re8 11. h3 Bxf3 12. Bxf3 Nfd7 13. Re1 Na6 14. Be3 c4 15. Re2 Nac5 16. Kh2 Bxc3 17. bxc3 Nxe4 18. Bd4 f5 19. Qc2 Ndc5 20. Rae1 Nd3 21. Rg1 Nxf4 22. Rxe4 fxe4 23. Bxe4 Qh4 24. Bf3 Nd3 25. Rf1 Re1 0-1


[Site "https://www.chess.com"]

[Event "Titled Tuesday Blitz May 24 Early 2022"]
[White "Ibrahimli, Murad"]
[Black "Kim, Sergey"]
[WhiteFideId "13410229"]
[BlackFideId "13700570"]
[WhiteElo "2109"]
[BlackElo "2543"]
[Result "1-0"]
[Round "06"]
[TimeControl "180+1"]
[Date "2022.05.25"]
[WhiteClock "0:00:23"]
[BlackClock "0:00:01"]

1. e4 e5 2. Nf3 Nc6 3. Bb5 a6 4. Ba4 Nf6 5. O-O b5 6. Bb3 Bc5 7. c3 d6 8. d4 Bb6 9. Re1 h6 10. a4 Bb7 11. Na3 O-O 12. Bc2 Re8 13. d5 Ne7 14. c4 c6 15. axb5 axb5 16. dxc6 Bxc6 17. cxb5 Bxb5 18. Be3 Bxe3 19. Rxe3 Bc6 20. Nc4 Rxa1 21. Qxa1 Bb5 22. Na3 Bc6 23. h3 Ng6 24. Qd1 Qa8 25. Nd2 Nf4 26. Nac4 Qb8 27. Rb3 Qc7 28. Ne3 d5 29. exd5 N6xd5 30. Be4 Nxe3 31. fxe3 Bxe4 32. Nxe4 Ng6 33. Rc3 Qb6 34. Qc2 Rb8 35. b3 Kh7 36. Ng3 Qf6 37. Kh2 Qg5 38. Rc7 Qf6 39. Qc4 Rf8 40. b4 Qd6 41. Ne4 Qb6 42. Qc5 Qxc5 43. bxc5 f5 44. Nd6 f4 45. e4 f3 46. gxf3 Rxf3 47. Nf5 Nf4 48. Rxg7+ Kh8 49. c6 Rxh3+ 50. Kg1 Rc3 51. Rc7 Ne6 52. Rc8+ Kh7 53. Ne7 h5 54. Nd5 Rc2 55. c7 h4 56. Re8 Nxc7 57. Re7+ Kg6 58. Rxc7 Re2 59. Nc3 Re3 60. Rc4 Kg5 61. Nd5 Re2 62. Kf1 Ra2 63. Rc8 Kg4 64. Rf8 h3 65. Kg1 Kg3 66. Rg8+ Kf3 67. Nf6 Rc2 68. Kh1 Re2 69. Rg5 Kf4 70. Rf5+ Kg3 71. Rg5+ Kf4 72. Rg4+ Kf3 73. Rg1 Ra2 74. Rf1+ Ke3 75. Rf5 Kd4 76. Rf3 1-0


[Site "https://www.chess.com"]

[Event "Titled Tuesday Blitz May 24 Early 2022"]
[White "Ivanisevic, Ivan"]
[Black "Avramidou, Anastasia"]
[WhiteFideId "912417"]
[BlackFideId "4239873"]
[WhiteElo "2495"]
[BlackElo "2183"]
[Result "1-0"]
[Round "06"]
[TimeControl "180+1"]
[Date "2022.05.25"]
[WhiteClock "0:00:40"]
[BlackClock "0:00:02"]

1. e4 e6 2. d4 d5 3. e5 c5 4. c3 Nc6 5. Nf3 Qb6 6. Bd3 Bd7 7. O-O cxd4 8. Nbd2 dxc3 9. bxc3 Nh6 10. Nb3 Ng4 11. Bf4 f6 12. exf6 Nxf6 13. Rb1 Qd8 14. Nbd4 Bc5 15. Rxb7 O-O 16. Ng5 Nxd4 17. cxd4 Bb6 18. Be5 h6 19. Nh3 Bc6 20. Rxg7+ Kxg7 21. Qg4+ Kh8 22. Qg6 Qe7 23. Qxh6+ Kg8 24. Ng5 Qg7 25. Bh7+ Kh8 26. Qh4 Bd8 27. Bf5+ Kg8 28. Bxe6+ 1-0


[Site "https://www.chess.com"]

[Event "Titled Tuesday Blitz May 24 Early 2022"]
[White "Jakubowska, Anna"]
[Black "Levitskiy, Andrey"]
[WhiteFideId "1121952"]
[BlackFideId "14132885"]
[WhiteElo "1878"]
[BlackElo "2301"]
[Result "0-1"]
[Round "06"]
[TimeControl "180+1"]
[Date "2022.05.25"]
[WhiteClock "0:00:26"]
[BlackClock "0:00:17"]

1. e4 e6 2. d4 d5 3. Nd2 c5 4. exd5 Qxd5 5. Ngf3 cxd4 6. Bc4 Qd6 7. O-O Nf6 8. Nb3 Nc6 9. Nbxd4 Nxd4 10. Nxd4 a6 11. c3 Qc7 12. Bb3 Bd6 13. h3 O-O 14. Bc2 h6 15. Qf3 Be5 16. Re1 Bxd4 17. cxd4 Qxc2 18. Bxh6 Qf5 19. Qg3 Nh5 20. Qh4 Qg6 21. Re5 f5 22. Bg5 Bd7 23. Rae1 Rae8 24. R1e3 Bc6 25. f4 Bd5 26. b3 Be4 27. g4 Nf6 28. gxf5 exf5 29. Rg3 Qh5 30. Bxf6 Qd1+ 31. Kf2 Qd2+ 32. Kg1 Qe1+ 33. Kh2 Qh1# 0-1


[Site "https://www.chess.com"]

[Event "Titled Tuesday Blitz May 24 Early 2022"]
[White "Janaszak, Dawid"]
[Black "Fernandez Siles, Luis"]
[WhiteFideId "1119206"]
[BlackFideId "2209420"]
[WhiteElo "2199"]
[BlackElo "2212"]
[Result "1-0"]
[Round "06"]
[TimeControl "180+1"]
[Date "2022.05.25"]
[WhiteClock "0:00:57"]
[BlackClock "0:00:20"]

1. e4 c5 2. Nc3 Nc6 3. Bb5 Nd4 4. Nf3 g6 5. O-O Bg7 6. Re1 Nxb5 7. Nxb5 Nf6 8. d4 a6 9. Nc3 cxd4 10. Qxd4 O-O 11. e5 Ne8 12. Bg5 f6 13. Bh4 Kh8 14. Rad1 Qa5 15. exf6 exf6 16. Re7 f5 17. Rxg7 Nxg7 18. Bf6 Rxf6 19. Qxf6 Qc5 20. Rd6 Kg8 21. Qd8+ Kf7 22. Ng5# 1-0


[Site "https://www.chess.com"]

[Event "Titled Tuesday Blitz May 24 Early 2022"]
[White "Jeet, Jain"]
[Black "Makhnev, Denis"]
[WhiteFideId "5073022"]
[BlackFideId "13707647"]
[WhiteElo "2028"]
[BlackElo "2501"]
[Result "0-1"]
[Round "06"]
[TimeControl "180+1"]
[Date "2022.05.24"]
[WhiteClock "0:00:55"]
[BlackClock "0:00:07"]

1. Nf3 Nf6 2. e3 b6 3. b3 Bb7 4. Bb2 c5 5. c4 e6 6. d4 cxd4 7. Nxd4 a6 8. Nc3 Qc7 9. Nf3 d6 10. Be2 Be7 11. O-O O-O 12. Rc1 Nbd7 13. Nd4 Ne5 14. f4 Ned7 15. Bf3 Nc5 16. Bxb7 Qxb7 17. Qf3 Qxf3 18. gxf3 Rac8 19. Rfd1 g6 20. Kg2 Rfd8 21. Ba3 Kf8 22. Bxc5 bxc5 23. Nde2 d5 24. cxd5 exd5 25. Rd2 Rd6 26. Na4 Rdc6 27. f5 gxf5 28. Nf4 d4 29. exd4 cxd4 30. Rxc6 Rxc6 31. Ne2 d3 32. Rxd3 Rc2 33. Nc3 Bb4 34. Kg3 f4+ 35. Kxf4 Bxc3 36. Nxc3 Rxc3 37. Rd6 Nh5+ 38. Kg4 Ng7 39. Rxa6 Ne6 40. b4 Rc4+ 41. Kf5 Rxb4 42. a3 Rf4+ 43. Ke5 Rxf3 44. a4 Rh3 45. a5 Rxh2 46. Ra8+ Kg7 47. a6 Ra2 48. Kd6 h5 49. Kc6 h4 50. Kb6 h3 51. Rc8 Rb2+ 52. Ka5 h2 53. Rc1 Nc5 54. Rh1 Nxa6 55. Kxa6 Kg6 56. Ka5 Kg5 57. Ka4 Kg4 58. Ka3 Rf2 59. Kb3 Kg3 60. Kc3 Kg2 61. Re1 h1=Q 62. Rxh1 Kxh1 63. Kd3 Kg2 0-1


[Site "https://www.chess.com"]

[Event "Titled Tuesday Blitz May 24 Early 2022"]
[White "Keller, Peter"]
[Black "Shuvalova, Polina"]
[WhiteFideId "1272105"]
[BlackFideId "24171760"]
[WhiteElo "2275"]
[BlackElo "2355"]
[Result "0-1"]
[Round "06"]
[TimeControl "180+1"]
[Date "2022.05.25"]
[WhiteClock "0:00:27"]
[BlackClock "0:00:45"]

1. e4 c5 2. c3 Nf6 3. e5 Nd5 4. Nf3 Nc6 5. d4 cxd4 6. cxd4 d6 7. Bc4 Nb6 8. Bb5 dxe5 9. Nxe5 Bd7 10. Nxd7 Qxd7 11. Nc3 e6 12. O-O Be7 13. Qg4 Bf6 14. Rd1 h5 15. Qe2 Nd5 16. Be3 h4 17. Nxd5 Qxd5 18. Bc4 Qh5 19. d5 Qxe2 20. Bxe2 exd5 21. Rxd5 O-O 22. Rd7 Nb4 23. Bc5 Rfe8 24. Bf3 Nc2 25. Rb1 Rac8 26. Bd6 b6 27. Bd5 Red8 28. Bxf7+ Kh7 29. Rxd8 Rxd8 30. Ba3 Rd2 31. Be6 Bd4 32. Bf5+ Kh6 33. Rf1 Nxa3 34. bxa3 Rxa2 0-1


[Site "https://www.chess.com"]